| TOP OF THE 1ST |
|
Lynchburg Hillcats batting - Pitching for Burlington Senators : RHP John Lackey
|
|
Pitching: RHP John Lackey
|
|
|
Batting: RHB Ronald Lee
|
0-0: SINGLE (Groundball, 56D, EV 110.6 MPH)
|
|
Batting: RHB Russ Quetti
|
0-0: Ball 1-0: Ball 2-0: Called Strike 2-1: Swinging Strike 2-2: Foul Ball, location: 2F 2-2: Ball Wild Pitch! Ronald Lee to second 3-2: SINGLE (Line Drive, 6MD, EV 106.3 MPH) Ronald Lee to third
|
|
Batting: RHB William Lajoie
|
0-0: Called Strike 0-1: Ball 1-1: Ball 2-1: Foul Ball, location: 2F 2-2: Strikes out swinging
|
|
Batting: RHB Richard Witt
|
0-0: Ball 1-0: Called Strike 1-1: Foul Ball, location: 2F 1-2: Ball 2-2: Reached on error, E9 (Line Drive, 9, EV 86.3 MPH) Ronald Lee scores Russ Quetti to third
|
|
Batting: RHB Kenneth Tillman
|
0-0: Ball 1-0: Called Strike 1-1: Ball 2-1: Fly out, F3 (Line Drive, 3, EV 71.9 MPH)
|
|
Batting: RHB Curtis Cannedy
|
0-0: Ball 1-0: Fly out, F9 (Flyball, 9LS, EV 87.5 MPH)
|
| Top of the 1st over - 1 run, 2 hits, 1 error, 2 left on base; Lynchburg 1 - Burlington 0 |
| BOTTOM OF THE 1ST |
|
Burlington Senators batting - Pitching for Lynchburg Hillcats : RHP Steve Ontiveros
|
|
Pitching: RHP Steve Ontiveros
|
|
|
Batting: LHB Daniel Spain
|
0-0: Called Strike 0-1: Ball 1-1: Ball 2-1: Ground out U3 (Groundball, 3, EV 85.0 MPH)
|
|
Batting: RHB Richard Hertel
|
0-0: Ball 1-0: Swinging Strike 1-1: Ball 2-1: Called Strike 2-2: Ball 3-2: Fly out, F7 (Flyball, 7LS, EV 95.6 MPH)
|
|
Batting: RHB Steve Lombardozzi
|
0-0: Swinging Strike 0-1: Foul Ball, location: 2F 0-2: Foul Ball, location: 2F 0-2: Fly out, F9 (Flyball, 9LM, EV 96.3 MPH)
|
| Bottom of the 1st over - 0 runs, 0 hits, 0 errors, 0 left on base; Lynchburg 1 - Burlington 0 |
| TOP OF THE 2ND |
|
Lynchburg Hillcats batting - Pitching for Burlington Senators : RHP John Lackey
|
|
Batting: RHB Frederic Wade
|
0-0: Ball 1-0: Ball 2-0: Ball 3-0: Called Strike 3-1: Base on Balls
|
|
Batting: LHB Eb MacDonald
|
0-0: Called Strike 0-1: Ball 1-1: Swinging Strike 1-2: Strikes out swinging
|
|
Batting: RHB Felix Estrada
|
0-0: Ball 1-0: Ball 2-0: Foul Ball, location: 2F 2-1: SINGLE (Groundball, 56D, EV 96.9 MPH) Frederic Wade to second
|
|
Batting: RHB Ronald Lee
|
0-0: Ball 1-0: Foul Ball, location: 2F 1-1: Fielders Choice at 2nd, 5-4 (Groundball, 56S, EV 80.6 MPH) Frederic Wade to third
|
|
Batting: RHB Russ Quetti
|
Pickoff Throw to First - Out! 1-3
|
| Top of the 2nd over - 0 runs, 1 hit, 0 errors, 1 left on base; Lynchburg 1 - Burlington 0 |
| BOTTOM OF THE 2ND |
|
Burlington Senators batting - Pitching for Lynchburg Hillcats : RHP Steve Ontiveros
|
|
Batting: RHB Joseph Lorenz
|
0-0: Ball 1-0: Ball 2-0: Called Strike 2-1: Ball 3-1: Fly out, F8 (Flyball, 78D, EV 100.0 MPH)
|
|
Batting: RHB Richard Hatcher
|
0-0: Called Strike 0-1: Foul Ball, location: 2F 0-2: Ball 1-2: Fly out, F2 (Popup, 23F, EV 80.6 MPH)
|
|
Batting: RHB Glenn Millhauser
|
0-0: Ball 1-0: Ball 2-0: Called Strike 2-1: Ball 3-1: Fly out, F7 (Line Drive, 7, EV 90.0 MPH)
|
| Bottom of the 2nd over - 0 runs, 0 hits, 0 errors, 0 left on base; Lynchburg 1 - Burlington 0 |
| TOP OF THE 3RD |
|
Lynchburg Hillcats batting - Pitching for Burlington Senators : RHP John Lackey
|
|
Batting: RHB Russ Quetti
|
0-0: Called Strike 0-1: Swinging Strike 0-2: SINGLE (Groundball, 34D, EV 105.0 MPH)
|
|
Batting: RHB William Lajoie
|
0-0: Ball 1-0: Swinging Strike 1-1: Called Strike 1-2: Strikes out swinging
|
|
Batting: RHB Richard Witt
|
0-0: Called Strike 0-1: Foul Ball, location: 2F 0-2: Foul Ball, location: 2F 0-2: SINGLE (Groundball, 6MD, EV 106.9 MPH) Russ Quetti to second
|
|
Batting: RHB Kenneth Tillman
|
0-0: Called Strike 0-1: Ball 1-1: SINGLE (Groundball, 6D, EV 97.5 MPH) Russ Quetti to third Richard Witt to second Runner from 3rd tries for Home, SAFE, throw by CF to home
|
|
Batting: RHB Curtis Cannedy
|
0-0: Called Strike 0-1: Foul Ball, location: 2F 0-2: Grounds into double play, 3-6-3 (Groundball, 34, EV 109.4 MPH)
|
| Top of the 3rd over - 1 run, 3 hits, 0 errors, 1 left on base; Lynchburg 2 - Burlington 0 |
| BOTTOM OF THE 3RD |
|
Burlington Senators batting - Pitching for Lynchburg Hillcats : RHP Steve Ontiveros
|
|
Batting: LHB Jesus Sandoval
|
0-0: Ball 1-0: Called Strike 1-1: Ball 2-1: Foul Ball, location: 2F 2-2: Ball 3-2: Ground out 5-3 (Groundball, 56, EV 81.3 MPH)
|
|
Batting: RHB James English
|
0-0: Called Strike 0-1: Ball 1-1: Foul Ball, location: 2F 1-2: Ball 2-2: Foul Ball, location: 2F 2-2: Foul Ball, location: 2F 2-2: Fly out, F9 (Line Drive, 9, EV 94.4 MPH)
|
|
Batting: RHB Brad Bauman
|
0-0: Called Strike 0-1: Ball 1-1: Called Strike 1-2: Ball 2-2: Ball 3-2: Ground out 4-3 (Groundball, 4, EV 81.9 MPH)
|
| Bottom of the 3rd over - 0 runs, 0 hits, 0 errors, 0 left on base; Lynchburg 2 - Burlington 0 |
| TOP OF THE 4TH |
|
Lynchburg Hillcats batting - Pitching for Burlington Senators : RHP John Lackey
|
|
Batting: RHB Frederic Wade
|
0-0: Called Strike 0-1: Ball 1-1: Ball 2-1: Ball 3-1: Base on Balls
|
|
Batting: LHB Eb MacDonald
|
0-0: Swinging Strike 0-1: Ball Passed Ball! Frederic Wade to second 1-1: Foul Ball, location: 2F 1-2: Foul Ball, location: 2F 1-2: Foul Ball, location: 2F 1-2: Ball 2-2: SINGLE (Groundball, 6MD, EV 101.9 MPH) Frederic Wade to third Runner from 3rd tries for Home, SAFE, throw by CF to home
|
|
Batting: RHB Felix Estrada
|
0-0: Ball 1-0: Called Strike 1-1: Swinging Strike 1-2: Ball 2-2: Fielders Choice at 2nd, 5-4 (Groundball, 56, EV 86.3 MPH)
|
|
Batting: RHB Ronald Lee
|
0-0: Ball 1-0: Ball 2-0: Called Strike 2-1: Foul Ball, location: 2F 2-2: Foul Ball, location: 2F 2-2: Fly out, F7 (Flyball, 7, EV 81.3 MPH)
|
|
Batting: RHB Russ Quetti
|
0-0: Ball 1-0: Ball 2-0: Called Strike 2-1: SINGLE (Line Drive, 56D, EV 97.5 MPH) Felix Estrada to second
|
|
Batting: RHB William Lajoie
|
0-0: Ball 1-0: Called Strike 1-1: Foul Ball, location: 2F 1-2: Strikes out swinging
|
| Top of the 4th over - 1 run, 2 hits, 0 errors, 2 left on base; Lynchburg 3 - Burlington 0 |
| BOTTOM OF THE 4TH |
|
Burlington Senators batting - Pitching for Lynchburg Hillcats : RHP Steve Ontiveros
|
|
Batting: LHB Daniel Spain
|
0-0: Foul Ball, location: 2F 0-1: Fly out, F9 (Flyball, 89M, EV 86.3 MPH)
|
|
Batting: RHB Richard Hertel
|
0-0: Ball 1-0: Called Strike 1-1: Fly out, F8 (Line Drive, 8RD, EV 101.9 MPH)
|
|
Batting: RHB Steve Lombardozzi
|
0-0: Ball 1-0: Swinging Strike 1-1: Ball 2-1: Ball 3-1: Base on Balls
|
|
Batting: RHB Joseph Lorenz
|
0-0: Called Strike 0-1: Ball 1-1: Swinging Strike 1-2: Foul Ball, location: 2F 1-2: Ball 2-2: Ball 3-2: Foul Ball, location: 2F 3-2: Ground out 5-3 (Groundball, 5, EV 87.5 MPH)
|
| Bottom of the 4th over - 0 runs, 0 hits, 0 errors, 1 left on base; Lynchburg 3 - Burlington 0 |
| TOP OF THE 5TH |
|
Lynchburg Hillcats batting - Pitching for Burlington Senators : RHP John Lackey
|
|
Batting: RHB Richard Witt
|
0-0: Fly out, F3 (Line Drive, 3, EV 70.6 MPH)
|
|
Batting: RHB Kenneth Tillman
|
0-0: Ground out 4-3 (Groundball, 4M, EV 86.3 MPH)
|
|
Batting: RHB Curtis Cannedy
|
0-0: Ball 1-0: Called Strike 1-1: Foul Ball, location: 2F 1-2: Ball 2-2: SOLO HOME RUN (Flyball, 7D, EV 103.1 MPH), Distance : 381 ft
|
|
Batting: RHB Frederic Wade
|
0-0: Called Strike 0-1: DOUBLE (Line Drive, 9LM, EV 111.9 MPH)
|
|
Batting: LHB Eb MacDonald
|
0-0: Ball 1-0: Fly out, F4 (Line Drive, 4, EV 65.0 MPH)
|
| Top of the 5th over - 1 run, 2 hits, 0 errors, 1 left on base; Lynchburg 4 - Burlington 0 |
| BOTTOM OF THE 5TH |
|
Burlington Senators batting - Pitching for Lynchburg Hillcats : RHP Steve Ontiveros
|
|
Batting: RHB Richard Hatcher
|
0-0: Ground out 5-3 (Groundball, 5L, EV 89.4 MPH)
|
|
Batting: RHB Glenn Millhauser
|
0-0: Called Strike 0-1: Swinging Strike 0-2: Strikes out looking
|
|
Batting: LHB Jesus Sandoval
|
0-0: Swinging Strike 0-1: Ball 1-1: Swinging Strike 1-2: Ball 2-2: Foul Ball, location: 2F 2-2: Foul Ball, location: 2F 2-2: Foul Ball, location: 2F 2-2: Ball 3-2: Fly out, F7 (Flyball, 78S, EV 88.1 MPH)
|
| Bottom of the 5th over - 0 runs, 0 hits, 0 errors, 0 left on base; Lynchburg 4 - Burlington 0 |
| TOP OF THE 6TH |
|
Lynchburg Hillcats batting - Pitching for Burlington Senators : RHP John Lackey
|
|
Batting: RHB Felix Estrada
|
0-0: Foul Ball, location: 2F 0-1: Foul Ball, location: 2F 0-2: Foul Ball, location: 2F 0-2: Ball 1-2: Fly out, F3 (Popup, 3SF, EV 61.9 MPH)
|
|
Batting: RHB Ronald Lee
|
0-0: Called Strike 0-1: DOUBLE (Line Drive, 3D, EV 99.4 MPH)
|
|
Batting: RHB Russ Quetti
|
0-0: Ball 1-0: Ball 2-0: Foul Ball, location: 2F 2-1: Ball Wild Pitch! Ronald Lee to third 3-1: Base on Balls
|
|
Batting: RHB William Lajoie
|
0-0: Ball Russ Quetti steals 2nd base 1-0: Called Strike 1-1: Ground out 5-3 (Groundball, 56, EV 86.3 MPH) Ronald Lee scores
|
|
Batting: RHB Richard Witt
|
0-0: Called Strike 0-1: Called Strike 0-2: Foul Ball, location: 2F 0-2: Foul Ball, location: 2F 0-2: Foul Ball, location: 2F 0-2: Foul Ball, location: 2F 0-2: DOUBLE (Line Drive, 7LS, EV 91.9 MPH) Russ Quetti scores
|
|
Batting: RHB Kenneth Tillman
|
0-0: SINGLE (Groundball, 56D, EV 96.3 MPH) Richard Witt to third Runner from 3rd tries for Home, SAFE, throw by LF to home
|
|
Pitching: RHP Robert Murphy
|
|
|
Batting: RHB Curtis Cannedy
|
0-0: Foul Ball, location: 2F 0-1: Foul Ball, location: 2F 0-2: Fly out, F9 (Flyball, 9LM, EV 81.9 MPH)
|
| Top of the 6th over - 3 runs, 3 hits, 0 errors, 1 left on base; Lynchburg 7 - Burlington 0 |
| BOTTOM OF THE 6TH |
|
Burlington Senators batting - Pitching for Lynchburg Hillcats : RHP Steve Ontiveros
|
|
Batting: RHB James English
|
0-0: Fly out, F7 (Line Drive, 7D, EV 90.0 MPH)
|
|
Batting: RHB Brad Bauman
|
0-0: Ball 1-0: Ground out 5-3 (Groundball, 56S, EV 79.4 MPH)
|
|
Batting: LHB Daniel Spain
|
0-0: Ball 1-0: Foul Ball, location: 2F 1-1: Ground out 4-3 (Groundball, 4, EV 85.6 MPH)
|
| Bottom of the 6th over - 0 runs, 0 hits, 0 errors, 0 left on base; Lynchburg 7 - Burlington 0 |
| TOP OF THE 7TH |
|
Lynchburg Hillcats batting - Pitching for Burlington Senators : RHP Robert Murphy
|
|
Batting: RHB Frederic Wade
|
0-0: Called Strike 0-1: Ball 1-1: Ball 2-1: Called Strike 2-2: Ball 3-2: SINGLE (Line Drive, 6M, EV 106.3 MPH)
|
|
Batting: LHB Eb MacDonald
|
0-0: Called Strike 0-1: Fly out, F4 (Flyball, 3D, EV 84.4 MPH)
|
|
Batting: RHB Felix Estrada
|
0-0: Ball 1-0: Called Strike 1-1: Ball 2-1: Fielders Choice at 2nd, 6-4 (Groundball, 6, EV 88.8 MPH)
|
|
Batting: RHB Ronald Lee
|
0-0: Ball 1-0: Called Strike 1-1: Ground out 5-3 (Groundball, 56S, EV 84.4 MPH)
|
| Top of the 7th over - 0 runs, 1 hit, 0 errors, 1 left on base; Lynchburg 7 - Burlington 0 |
| BOTTOM OF THE 7TH |
|
Burlington Senators batting - Pitching for Lynchburg Hillcats : RHP Steve Ontiveros
|
|
Pinch Hitting: RHB Ramon Olivares
|
0-0: Fly out, F5 (Line Drive, 5, EV 66.9 MPH)
|
|
Pinch Hitting: RHB Ronnie Mears
|
0-0: Ball 1-0: Ground out 6-3 (Groundball, 6, EV 104.4 MPH)
|
|
Pinch Hitting: RHB Charles Schnoor
|
0-0: Foul Ball, location: 2F 0-1: Called Strike 0-2: Fly out, F9 (Flyball, 9LM, EV 88.8 MPH)
|
| Bottom of the 7th over - 0 runs, 0 hits, 0 errors, 0 left on base; Lynchburg 7 - Burlington 0 |
| TOP OF THE 8TH |
|
Lynchburg Hillcats batting - Pitching for Burlington Senators : RHP Robert Murphy
|
|
Now at 1B: Miguel Rodriguez
|
|
|
Now at 3B: Ramon Olivares
|
|
|
Now at SS: Ronnie Mears
|
|
|
Batting: RHB Russ Quetti
|
0-0: Fly out, F4 (Popup, 34S, EV 88.1 MPH)
|
|
Batting: RHB William Lajoie
|
0-0: Ball 1-0: SINGLE (Line Drive, 6MD, EV 107.5 MPH)
|
|
Batting: RHB Richard Witt
|
0-0: Called Strike 0-1: Ball 1-1: Grounds into double play, 6-4-3 (Groundball, 6, EV 87.5 MPH)
|
| Top of the 8th over - 0 runs, 1 hit, 0 errors, 0 left on base; Lynchburg 7 - Burlington 0 |
| BOTTOM OF THE 8TH |
|
Burlington Senators batting - Pitching for Lynchburg Hillcats : RHP Steve Ontiveros
|
|
Batting: RHB Richard Hatcher
|
0-0: Ground out 4-3 (Groundball, 34, EV 80.6 MPH)
|
|
Batting: RHB Glenn Millhauser
|
0-0: Ball 1-0: Fly out, F5 (Line Drive, 5, EV 63.1 MPH)
|
|
Batting: LHB Jesus Sandoval
|
0-0: Ball 1-0: Ball 2-0: Ball 3-0: Base on Balls
|
|
Batting: RHB James English
|
0-0: Ball 1-0: Ball 2-0: Fly out, F7 (Flyball, 7LM, EV 80.6 MPH)
|
| Bottom of the 8th over - 0 runs, 0 hits, 0 errors, 1 left on base; Lynchburg 7 - Burlington 0 |
| TOP OF THE 9TH |
|
Lynchburg Hillcats batting - Pitching for Burlington Senators : RHP Robert Murphy
|
|
Batting: RHB Kenneth Tillman
|
0-0: Ball 1-0: Ball 2-0: Ball 3-0: Base on Balls
|
|
Batting: RHB Curtis Cannedy
|
0-0: Ball 1-0: Ball 2-0: Ball 3-0: Base on Balls Kenneth Tillman to second
|
|
Batting: RHB Frederic Wade
|
0-0: Ball 1-0: Ball 2-0: Ball 3-0: Base on Balls Kenneth Tillman to third Curtis Cannedy to second
|
|
Pitching: RHP John Minarcin
|
|
|
Batting: LHB Eb MacDonald
|
0-0: Ball 1-0: Swinging Strike 1-1: Ball 2-1: Foul Ball, location: 2F 2-2: Ball 3-2: SINGLE (Line Drive, 9S, EV 96.9 MPH) Kenneth Tillman scores Curtis Cannedy to third Frederic Wade to second Runner from 3rd tries for Home, SAFE, throw by RF to trailing runner, SAFE at third!
|
|
Batting: RHB Felix Estrada
|
0-0: Ball 1-0: Fielders Choice at 2nd, 6-4 (Groundball, 56, EV 109.4 MPH) Frederic Wade scores
|
|
Batting: RHB Ronald Lee
|
0-0: Called Strike 0-1: Grounds into double play, 6-4-3 (Groundball, 6, EV 86.9 MPH)
|
| Top of the 9th over - 3 runs, 1 hit, 0 errors, 0 left on base; Lynchburg 10 - Burlington 0 |
| BOTTOM OF THE 9TH |
|
Burlington Senators batting - Pitching for Lynchburg Hillcats : RHP Steve Ontiveros
|
|
Batting: RHB Brad Bauman
|
0-0: Ball 1-0: Ball 2-0: Foul Ball, location: 2F 2-1: Called Strike 2-2: Reached on error, E6 (Groundball, 6, EV 106.3 MPH)
|
|
Pinch Hitting: LHB John McBrain
|
0-0: Grounds into double play, 4-6-3 (Groundball, 4, EV 103.1 MPH)
|
|
Batting: RHB Ramon Olivares
|
0-0: Ball 1-0: Called Strike 1-1: Ball 2-1: Foul Ball, location: 2F 2-2: SINGLE (Groundball, 56D, EV 107.5 MPH)
|
|
Pitching: RHP Mike Alvarez
|
|
|
Batting: RHB Ronnie Mears
|
0-0: SINGLE (Groundball, 4MD, EV 98.8 MPH) Ramon Olivares to second
|
|
Batting: RHB Miguel Rodriguez
|
0-0: Ball Wild Pitch! Ramon Olivares to third Ronnie Mears to second 1-0: Called Strike 1-1: Ball 2-1: Ball 3-1: Fly out, F8 (Line Drive, 8LM, EV 110.0 MPH)
|
| Bottom of the 9th over - 0 runs, 2 hits, 1 error, 2 left on base; Lynchburg 10 - Burlington 0 |
|